 Dungeon Crawl Stone Soup version 0.29.1-12-g30fa7ad0bf (webtiles) character file.

Game seed: 1008169126318695195

41687 Toxa551 the Impaler (level 13, -3/122 HPs)
             Began as a Minotaur Fighter on Dec 22, 2022.
             Was the Champion of Okawaru.
             Slain by a deep troll (4 damage)
             ... on level 1 of the Depths.
             The game lasted 01:03:51 (14913 turns).

Toxa551 the Impaler (Minotaur Fighter)             Turns: 14913, Time: 01:03:54

Health: -3/122     AC: 37    Str: 32    XL:     13   Next: 81%
Magic:  12/12      EV:  6    Int:  7    God:    Okawaru [******]
Gold:   867        SH: 17    Dex: 13    Spells: 12/12 levels left

rFire   x x .      SeeInvis +   a - +1 trident (freeze)
rCold   x . .      Faith    .   A - +0 kite shield
rNeg    . . .      Spirit   .   t - +3 crystal plate armour
rPois   +          Reflect  .   (helmet unavailable)
rElec   .          Harm     .   y - +2 cloak "Nen Imn" {rPois Regen+ Int+2}
rCorr   .          Rampage  .   v - +4 pair of gloves of the Stallion {rC+ Dex+3}
Will    +....      Rnd*Tele +   P - +0 pair of boots
Stlth   ..........              w - amulet of Elemental Vulnerability {rPois rF-- rC-- AC+8}
HPRegen 1.10/turn               Q - +6 ring of strength
MPRegen 0.13/turn               E - ring of see invisible

@: mighty
A: horns 3, retaliatory headbutt, large bone plates 1, deformed body,
strong-willed 1, teleportitis 1
a: Renounce Religion, Heroism, Finesse, Duel


You were on level 1 of the Depths.
You worshipped Okawaru.
Okawaru was exalted by your worship.
You visited 2 branches of the dungeon, and saw 16 of its levels.

You collected 1241 gold pieces.
You spent 374 gold pieces at shops.

Inventory:

Hand Weapons
 a - a +1 trident of freezing (weapon)
 j - a +3 quarterstaff of chaos
 s - a +5 trident of flaming
 B - a +0 halberd
 K - a +1 vampiric spear
 L - a +0 glaive
 U - a +6 demon trident of electrocution
 X - a +1 trident of pain
Missiles
 h - 5 throwing nets (quivered)
Armour
 b - a +0 scale mail
 c - a +0 buckler
 f - a +0 plate armour
 t - a +3 crystal plate armour (worn)
 v - the +4 pair of gloves of the Stallion (worn) {rC+ Dex+3}
   (You acquired it on level 10 of the Dungeon)

   Dex:       It affects your dexterity (+3).
   rC:        It protects you from cold.
 y - the +2 cloak "Nen Imn" (worn) {rPois Regen+ Int+2}
   (You found it on level 6 of the Dungeon)

   Int:       It affects your intelligence (+2).
   rPois:     It protects you from poison.
   Regen:     It increases your rate of health regeneration.
 A - a +0 kite shield (worn)
 M - the +0 plate armour "Wineqap" {rElec}
   (Okawaru gifted it to you on level 12 of the Dungeon)

   rElec:     It insulates you from electricity.
 P - a +0 pair of boots (worn)
Jewellery
 e - a ring of wizardry
 k - a ring of protection from fire
 n - a ring of wizardry
 w - the amulet of Elemental Vulnerability (around neck) {rPois rF-- rC-- AC+8}
   (You took it off an orc on level 5 of the Dungeon)

   [amulet of nothing]

   AC:        It affects your AC (+8).
   rF:        It makes you very vulnerable to fire.
   rC:        It makes you very vulnerable to cold.
   rPois:     It protects you from poison.
 D - a ring of positive energy
 E - a ring of see invisible (right hand)
 F - a ring of fire
 N - a +6 ring of dexterity
 Q - a +6 ring of strength (left hand)
 S - a +4 ring of evasion
Wands
 p - a wand of flame (50)
 J - a wand of mindburst (8)
 W - a wand of acid (4)
Scrolls
 g - 11 scrolls of identify
 i - 6 scrolls of teleportation
 l - 4 scrolls of fog
 o - 3 scrolls of magic mapping
 x - a scroll of brand weapon
 C - 3 scrolls of blinking
 H - 2 scrolls of summoning
 I - a scroll of amnesia
 T - a scroll of torment
Potions
 m - 2 potions of flight
 q - a potion of berserk rage
 r - 2 potions of invisibility
 z - a potion of might
 G - 3 potions of ambrosia
Miscellaneous
 u - a lightning rod (4/4)
 R - a piece from Xom's chessboard (15/15)


   Skills:
 + Level 13.3 Fighting
 + Level 16.6 Polearms
 + Level 13.4 Armour
 + Level 1.2 Dodging
 + Level 0.5 Stealth
 + Level 15.4 Shields
 + Level 0.3 Invocations


You had 12 spell levels left.
You didn't know any spells.
Your spell library contained the following spells:

 Spells                   Type           Power      Damage    Failure   Level
 Apportation              Tloc           0%         N/A       100%        1
 Necrotise                Necr           0%         1d4       100%        1
 Blink                    Tloc           0%         N/A       100%        2
 Ensorcelled Hibernation  Hex/Ice        0%         N/A       100%        2
 Passwall                 Tmut/Erth      0%         N/A       100%        2
 Scorch                   Fire           0%         2d5       100%        2
 Dazzling Flash           Conj/Hex       0%         N/A       100%        3
 Lesser Beckoning         Tloc           0%         N/A       100%        3
 Spider Form              Tmut/Pois      0%         N/A       100%        3
 Swiftness                Air            0%         N/A       100%        3
 Anguish                  Hex/Necr       0%         N/A       100%        4
 Flame Wave               Conj/Fire      0%         2d4       100%        4
 Iskenderun's Mystic Bla  Conj/Tloc      0%         2d3       100%        4
 Manifold Assault         Tloc           0%         N/A       100%        5
 Eringya's Noxious Bog    Tmut/Pois      0%         N/A       100%        6
 Starburst                Conj/Fire      0%         6d3       100%        6
 Summon Small Mammal      Summ           Unusable   N/A       N/A         1
 Summon Forest            Summ/Tloc      Unusable   N/A       N/A         5
 Summon Cactus Giant      Summ           Unusable   N/A       N/A         6
 Malign Gateway           Summ/Tloc      Unusable   N/A       N/A         7
 Summon Hydra             Summ           Unusable   N/A       N/A         7
 Summon Horrible Things   Summ           Unusable   N/A       N/A         8

Dungeon Overview and Level Annotations

Branches:
Dungeon (15/15)            Temple (0/1) D:7            Lair (0/5) D:11
    Orc (0/2) D:9          Vaults (0/5) D:14         Depths (1/4) D:15

Altars:
Cheibriados
Dithmenos
Hepliaklqana
Okawaru
Sif Muna
Wu Jian
The Shining One

Shops:
D:3 :   D:5 ?   D:6 ?   D:9 (   D:13 !:

Portals:
Pandemonium: Depths:1


Innate Abilities, Weirdness & Mutations

You have a pair of large horns on your head.
You reflexively headbutt those who attack you in melee.
You are partially covered in large bone plates. (SH +4)
Armour fits poorly on your strangely shaped body.
You are strong-willed. (Will+)
You are occasionally teleported next to monsters.


Message History

You hit the iron troll but do no damage.
Your headbutt misses the iron troll.
The iron troll is moderately wounded.
You hit the iron troll. You freeze the iron troll.
The iron troll is moderately wounded.
The iron troll bites you but does no damage.
The iron troll claws you but does no damage.
You block the iron troll's attack.
You puncture the iron troll! You freeze the iron troll.
You headbutt the iron troll.
The iron troll is heavily wounded.
You hit the iron troll. You freeze the iron troll.
You headbutt the iron troll, but do no damage.
The iron troll is heavily wounded.
You block the iron troll's attack.
The iron troll claws you but does no damage.
You block the iron troll's attack.
You puncture the iron troll!
The iron troll is severely wounded.
You barely miss the iron troll.
You headbutt the iron troll, but do no damage.
The iron troll is severely wounded.
The iron troll barely misses you. You furiously retaliate!
You headbutt the iron troll! You block the iron troll's attack.
The iron troll claws you but does no damage.
You barely miss the iron troll. You headbutt the iron troll.
The iron troll is almost dead.
You hit the iron troll.
The iron troll is almost dead.
The iron troll bites you!
* * * LOW HITPOINT WARNING * * *
The iron troll claws you but does no damage. x2
You hit the iron troll but do no damage.
You headbutt the iron troll!
You kill the iron troll!
Okawaru accepts your kill. The deep troll bites you!
* * * LOW HITPOINT WARNING * * *
The deep troll claws you.
You die...

#...#####.. .....T.
#...# #.. ...... #...#
#.. ..... #...#####..
♣...♣ #..........
♣♣...♣♣ #..........
♣♣.....♣♣♣♣♣#....###...
#................# #...
#..@..........# #...
####T######...###... ##
#...T..... #.........
#....T.... #..####T..
#..# #=.. ....# #.TT
............


You could see 2 deep trolls.

Vanquished Creatures
  Jorgrun (D:14)
  A stone giant (D:15)
  Nessos (D:14)
  The ghost of Rivum the Destroyer, a journeyman DgHW (D:14)
  A minotaur (D:14)
  A fire dragon (Depths:1)
  A boulder beetle (D:11)
  7 two-headed ogres
  4 centaur warriors
  A spriggan air mage (Depths:1)
  An ogre mage (D:15)
  A deep troll earth mage (Depths:1)
  2 tengu warriors (D:15)
  A sun demon (D:10)
  2 soul eaters (D:10)
  2 iron trolls (Depths:1)
  A sixfirhy (D:10)
  A deep troll (Depths:1)
  A flayed ghost (Depths:1)
  Pikel (D:8)
  2 deep elf pyromancers
  A wizard (D:14)
  An orc knight (D:14)
  A faun (shapeshifter) (D:14)
  4 cyclopes
  A manticore (D:12)
  13 slime creatures
  8 ugly things
  Maurice (D:8)
  A gargoyle (D:11)
  An orange demon (D:10)
  An unseen horror (D:13)
  An ice devil (D:10)
  3 trolls
  Prince Ribbit (D:8)
  Grinder (D:6)
  A hornet (D:10)
  2 vampires (D:12)
  2 wraiths
  2 shadows
  A hog (shapeshifter) (D:13)
  2 wyverns
  A basilisk (D:13)
  6 vampire mosquitoes (D:13)
  16 humans (D:14)
  A chaos spawn (D:10)
  A steam dragon (D:9)
  3 acid dragons
  2 water moccasins
  6 orc warriors
  3 black bears
  An ice beast (D:6)
  A sky beast (D:7)
  7 ogres
  2 wolves (D:9)
  A centaur (D:6)
  A phantom (D:5)
  A lemure (D:8)
  A kobold brigand (D:8)
  2 necrophages (D:4)
  5 bullfrogs
  6 gnoll sergeants
  4 scorpions
  5 wights (D:9)
  14 killer bees
  4 howler monkeys
  9 hounds
  4 gnoll boudas
  A jelly (D:4)
  Crazy Yiuf (D:3)
  7 orc priests
  Jessica (D:2)
  5 iguanas
  Terence (D:3)
  8 orc wizards
  Ijyb (D:3)
  A mummy (D:14)
  7 adders
  46 gnolls
  3 shadow imps
  A white imp (D:8)
  An ufetubus (D:5)
  4 worms
  3 dart slugs
  45 orcs
  8 ball pythons
  12 bats
  10 endoplasms
  2 giant cockroaches (D:1)
  17 goblins
  9 hobgoblins
  6 jackals
  2 quokkas (D:4)
  3 frilled lizards
  20 kobolds
  7 rats
422 creatures vanquished.

Vanquished Creatures (others)
  A fungus (D:3)
  7 plants
8 creatures vanquished.

Grand Total: 430 creatures vanquished

Notes
Turn   | Place    | Note
-------+----------+-------------------------------------------
     0 | D:1      | Toxa551 the Minotaur Fighter began the quest for the Orb.
     0 | D:1      | Reached XP level 1. HP: 19/19 MP: 0/0
   270 | D:1      | Reached XP level 2. HP: 27/27 MP: 1/1
   367 | D:1      | Gained mutation: You are occasionally teleported next to
                  | monsters. [potion of mutation]
   367 | D:1      | Gained mutation: You have hidden genetic potential. [potion
                  | of mutation]
   367 | D:1      | Gained mutation: Armour fits poorly on your strangely
                  | shaped body. [potion of mutation]
   439 | D:1      | Reached XP level 3. HP: 33/33 MP: 2/2
   647 | D:1      | Reached skill level 3 in Polearms
   907 | D:1      | Gained mutation: Your flesh is heat resistant. (rF+)
                  | [hidden potential]
  1292 | D:2      | Reached XP level 4. HP: 20/40 MP: 3/3
  1300 | D:2      | Gained mutation: You possess an exceptional clarity of
                  | mind. [hidden potential]
  1300 | D:2      | Lost mutation: You have hidden genetic potential. [hidden
                  | potential expressed]
  1579 | D:2      | Noticed Jessica
  1598 | D:2      | Killed Jessica
  1599 | D:2      | Reached skill level 4 in Polearms
  2037 | D:3      | Noticed Terence
  2045 | D:3      | Killed Terence
  2046 | D:3      | Reached XP level 5. HP: 35/47 MP: 4/4
  2214 | D:3      | Found Kaaxtib's Book Emporium.
  2635 | D:3      | Noticed Ijyb
  2661 | D:3      | Killed Ijyb
  2662 | D:3      | Reached skill level 5 in Armour
  2822 | D:3      | Found a runed translucent door.
  2823 | D:3      | Noticed Crazy Yiuf
  2834 | D:3      | Killed Crazy Yiuf
  3144 | D:4      | Reached skill level 5 in Polearms
  3144 | D:4      | Reached XP level 6. HP: 52/53 MP: 5/5
  3266 | D:4      | Reached skill level 5 in Shields
  3294 | D:4      | Reached skill level 5 in Fighting
  3559 | D:4      | Reached skill level 6 in Polearms
  3559 | D:4      | Reached XP level 7. HP: 61/61 MP: 6/6
  3831 | D:4      | Lost mutation: You possess an exceptional clarity of mind.
                  | [potion of mutation]
  3831 | D:4      | Lost mutation: Your flesh is heat resistant. (rF+) [potion
                  | of mutation]
  3831 | D:4      | Gained mutation: You are strong-willed. (Will+) [potion of
                  | mutation]
  3831 | D:4      | Gained mutation: You have a pair of large horns on your
                  | head. [potion of mutation]
  3831 | D:4      | Gained mutation: You are partially covered in large bone
                  | plates. (SH +4) [potion of mutation]
  3888 | D:4      | Reached skill level 7 in Polearms
  4576 | D:4      | Reached XP level 8. HP: 70/70 MP: 7/7
  4748 | D:5      | Entered Level 5 of the Dungeon
  4765 | D:5      | Reached skill level 8 in Polearms
  4801 | D:5      | Found Jinnaekeysch's Magic Scroll Shop.
  5061 | D:5      | Reached skill level 1 in Dodging
  5506 | D:5      | Bought a scroll of brand weapon for 142 gold pieces
  5506 | D:5      | Bought a scroll of enchant weapon for 112 gold pieces
  5742 | D:5      | Reached skill level 9 in Polearms
  6611 | D:6      | Noticed Grinder
  6616 | D:6      | Killed Grinder
  6617 | D:6      | Reached XP level 9. HP: 67/78 MP: 8/8
  6839 | D:6      | Identified the +2 cloak "Nen Imn" {rPois Regen+ Int+2}
  6897 | D:6      | Reached skill level 10 in Polearms
  7000 | D:6      | Found Axumisk's Magic Scroll Emporium.
  7258 | D:6      | Identified the +7 shortbow of Ahocoamia {speed, Str+4
                  | Int+2}
  7379 | D:6      | Found an iron altar of Okawaru.
  7400 | D:6      | Became a worshipper of Warmaster Okawaru
  7487 | D:6      | Found a hazy altar of Hepliaklqana.
  7488 | D:6      | Found a shadowy altar of Dithmenos.
  7746 | D:7      | Found a staircase to the Ecumenical Temple.
  8058 | D:8      | Found a glowing golden altar of the Shining One.
  8058 | D:8      | Noticed Maurice
  8071 | D:8      | Killed Maurice
  8071 | D:8      | Reached * piety under Okawaru
  8072 | D:8      | Reached skill level 11 in Polearms
  8088 | D:8      | Found a shimmering blue altar of Sif Muna.
  8150 | D:8      | Noticed Pikel
  8164 | D:8      | Killed Pikel
  8165 | D:8      | Reached XP level 10. HP: 84/88 MP: 9/9
  8186 | D:8      | Reached ** piety under Okawaru
  8279 | D:8      | Found an ornate altar of the Wu Jian Council.
  8290 | D:8      | Reached skill level 12 in Polearms
  8790 | D:8      | Noticed Prince Ribbit
  8801 | D:8      | Killed Prince Ribbit
  9006 | D:9      | Reached skill level 10 in Armour
  9067 | D:9      | Noticed a two-headed ogre
  9078 | D:9      | Killed a two-headed ogre
  9078 | D:9      | Reached *** piety under Okawaru
  9137 | D:9      | Found Wifuot's Antique Weapon Emporium.
  9453 | D:9      | Reached skill level 13 in Polearms
  9523 | D:9      | Found a staircase to the Orcish Mines.
  9800 | D:10     | Entered Level 10 of the Dungeon
  9821 | D:10     | Noticed a sun demon
  9833 | D:10     | Killed a sun demon
  9833 | D:10     | Reached **** piety under Okawaru
  9834 | D:10     | Reached XP level 11. HP: 86/97 MP: 10/10
  9893 | D:10     | Noticed a soul eater
  9896 | D:10     | Noticed a soul eater
  9903 | D:10     | Noticed a two-headed ogre
  9905 | D:10     | Killed a soul eater
  9921 | D:10     | Killed a soul eater
  9943 | D:10     | Killed a two-headed ogre
  9950 | D:10     | Reached ***** piety under Okawaru
  9951 | D:10     | Reached skill level 10 in Shields
 10158 | D:10     | Identified a scroll of acquirement
 10158 | D:10     | Acquired the +4 pair of gloves of the Stallion {rC+ Dex+3}
 10364 | D:10     | Noticed a sixfirhy
 10378 | D:10     | Killed a sixfirhy
 10379 | D:10     | Reached skill level 14 in Polearms
 10511 | D:11     | Noticed a boulder beetle
 10531 | D:11     | Killed a boulder beetle
 10561 | D:11     | Found a staircase to the Lair.
 10636 | D:11     | Noticed a white ugly thing
 10642 | D:11     | Killed a white ugly thing
 10643 | D:11     | Reached skill level 10 in Fighting
 11158 | D:12     | Identified the +0 plate armour "Wineqap" {rElec} (Okawaru
                  | gifted it to you on level 12 of the Dungeon)
 11158 | D:12     | Received a gift from Okawaru
 11443 | D:12     | Reached XP level 12. HP: 107/107 MP: 11/11
 11719 | D:12     | Reached skill level 15 in Polearms
 12000 | D:13     | Found Ubloem's Vocational Training.
 12187 | D:13     | Found Sodaotoh's Distillery.
 12196 | D:13     | Bought a potion of curing for 45 gold pieces
 12196 | D:13     | Bought a potion of heal wounds for 75 gold pieces
 12679 | D:14     | Noticed a two-headed ogre
 12679 | D:14     | Noticed Nessos
 12679 | D:14     | Noticed a centaur warrior
 12679 | D:14     | Found a gate to the Vaults.
 12706 | D:14     | Killed a centaur warrior
 12739 | D:14     | Killed a two-headed ogre
 12789 | D:14     | Noticed a two-headed ogre
 12793 | D:14     | Killed Nessos
 12793 | D:14     | Received a gift from Okawaru
 12798 | D:14     | Killed a two-headed ogre
 12798 | D:14     | Reached ****** piety under Okawaru
 12808 | D:14     | HP: 5/112 [burnt (10)]
 12810 | D:14     | HP: 1/112 [burnt (4)]
 12947 | D:14     | Noticed a centaur warrior
 12950 | D:14     | Killed a centaur warrior
 13028 | D:14     | Found a snail-covered altar of Cheibriados.
 13039 | D:14     | Found a runed translucent gate.
 13039 | D:14     | Found a runed translucent gate.
 13048 | D:14     | Found a runed translucent gate.
 13049 | D:14     | Noticed a centaur warrior
 13052 | D:14     | Noticed Rivum's ghost (journeyman DgHW)
 13054 | D:14     | Noticed a minotaur
 13262 | D:14     | Reached XP level 13. HP: 96/118 MP: 12/12
 13275 | D:14     | Killed Rivum's ghost
 13282 | D:14     | Killed a minotaur
 13375 | D:14     | Noticed Jorgrun
 13390 | D:14     | Killed Jorgrun
 13391 | D:14     | Reached skill level 16 in Polearms
 13705 | D:15     | Entered Level 15 of the Dungeon
 13843 | D:15     | Received a gift from Okawaru
 13859 | D:15     | Found a staircase to the Depths.
 13859 | D:15     | Noticed a stone giant
 13868 | D:15     | Killed a stone giant
 14104 | D:15     | Reached skill level 15 in Shields
 14601 | Depths:1 | Entered Level 1 of the Depths
 14664 | Depths:1 | Found a one-way gate leading to the halls of Pandemonium.
 14664 | Depths:1 | Noticed a fire dragon
 14681 | Depths:1 | HP: 3/122 [fire dragon/blast of flame (63)]
 14683 | Depths:1 | Killed a fire dragon
 14913 | Depths:1 | HP: 1/122 [deep troll (15)]
 14913 | Depths:1 | Slain by a deep troll

Illustrated notes

Levels and vault maps discovered:
D:1:      dpeg_arrival_morbid_curiosity, layout_basic, nicolae_grassy_gnolls
D:2:      layout_rooms, uniq_jessica
D:3:      layout_loops_ring, serial_shops, nicolae_square_shop,
          minmay_misc_feat_nine_boxes, uniq_ijyb, uniq_terence,
          uniq_crazy_yiuf_cottage
D:4:      minmay_bubble_buster, layout_cave_pools, minmay_small_thing
D:5:      layout_basic, serial_shops, shop_fountains, serial_park_tiny_1,
          dk_noncrumbling_2, minmay_ogre_servants
D:6:      layout_layer_cave, okawaru_altar_gauntlet_db,
          riverfiend_overflow_shadow_ancestor, serial_shops, shop, uniq_grinder
D:7:      layout_cave_pools, minmay_temple_entry_nine_rooms,
          hangedman_decor_opposing, kennysheep_generic_room_16
D:8:      layout_basic, mainiacjoe_overflow_catwalk_spiral,
          mainiacjoe_overflow_cross_hatched, minmay_liquid_box, uniq_maurice,
          uniq_prince_ribbit1, uniq_pikel
D:9:      layout_cave_pools, minmay_orc_entry_temple_small, serial_shops,
          nicolae_diamond_shop, serial_gnoll_camp, gnoll_camp_mini_sergeant,
          gnoll_camp_huts_basic, gnoll_camp_medium_01, gnoll_camp_mini_hut,
          gnoll_camp_mini_doghouse
D:10:     layout_roguey, serial_demonic, serial_demonic_b, serial_demonic_a,
          serial_demonic_a, serial_demonic_c
D:11:     layout_cave_pools, dpeg_oklobed_lair, bh_walls_and_bars
D:12:     layout_loops_corners
D:13:     layout_loops_ring, serial_shops, nicolae_shop_waterfront,
          nicolae_shop_vocational
D:14:     layout_basic, david_vaults_3, maelrawn_ghost_gauntlet_escape,
          slow_altar_1, uniq_jorgrun
D:15:     grunt_enter_depths_snipers, layout_small_grid, serial_bayou_pond_c
Depths:1: layout_small_grid, pf_dread_powers_of_hell, pan_entry,
          nicolae_abyss_entry_one_way_or_another,
          hangedman_abyss_or_decor_stabs, fedhas_altar_fruit_tree

Skill      XL: |  1  2  3  4  5  6  7  8  9 10 11 12 13 |
---------------+----------------------------------------+-----
Fighting       | 4 5 6 7 9 10 12 13 | 13.3
Armour         | 4 5 6 8 9 10 11 12 13 | 13.4
Shields        | 4 5 6 7 9 11 13 15 | 15.4
Polearms       | 3 4 5 6 7 9 11 13 14 15 16 | 16.6
Dodging        | 1 |  1.2
Stealth        | |  0.5
Invocations    | |  0.3

Action                   |  1- 3 |  4- 6 |  7- 9 | 10-12 | 13-15 || total
-------------------------+-------+-------+-------+-------+-------++-------
Melee: Trident           |    95 |   197 |   424 |   663 |    54 ||  1433
       Headbutt          |     6 |    24 |    59 |   112 |    44 ||   245
       Demon trident     |       |       |       |    20 |   148 ||   168
Invok: Heroism           |       |       |       |     1 |     1 ||     2
  Use: Scroll            |     2 |     2 |     8 |     6 |     9 ||    27
       Potion            |     2 |     4 |     9 |    10 |     4 ||    29
 Stab: Fleeing           |       |     1 |       |       |       ||     1
Armor: Scale mail        |    18 |       |       |       |       ||    18
       Plate armour      |    18 |    78 |   132 |       |       ||   228
       Crystal plate arm |       |       |    25 |   334 |   138 ||   497
Dodge: Dodged            |    31 |    43 |    68 |   100 |    33 ||   275
Block: Buckler           |    10 |    37 |   133 |   110 |       ||   290
       Kite shield       |       |       |       |   251 |   142 ||   393
